 Dungeon Crawl Stone Soup version 0.30.1-9-gdf580d7c3d (webtiles) character file.

Game seed: 12151196221804274544

294 lonewolfV2 the Covered (level 6, 0/49 HPs)
             Began as a Formicid Berserker on Oct 25, 2023.
             Was a Believer of Trog.
             Succumbed to an orc's poison
             ... on level 3 of the Dungeon.
             The game lasted 00:04:33 (2379 turns).

lonewolfV2 the Covered (Formicid Berserker)         Turns: 2379, Time: 00:04:34

Health: 0/49       AC:  9    Str: 21 (24) XL:     6   Next: 60%
Magic:  6/6        EV: 13    Int:  5 (6)  God:    Trog [**....]
Gold:   120        SH:  0    Dex: 12 (13) Spells: 5/5 levels left

rFire   + . .        a - +1 hand axe
rCold   . . .        (no shield)
rNeg    . . .        b - +1 animal skin
rPois   .            (helmet unavailable)
rElec   .            t - +1 cloak
rCorr   .            (no gloves)
SInv    +            (no boots)
Will    .....        f - amulet of guardian spirit
Stlth   +            e - ring of protection from fire
HPRegen 0.28/turn    g - +4 ring of protection
MPRegen 0.10/turn

%: guardian spirit
@: confused, lethally poisoned (0 -> -32), ambrosia-drunk
A: permanent stasis, dig shafts and tunnels, antennae 3, four strong arms
a: Dig, Shaft Self, Renounce Religion, Trog's Hand


You were on level 3 of the Dungeon.
You worshipped Trog.
Trog was pleased with you.
You visited 1 branch of the dungeon, and saw 3 of its levels.

You collected 120 gold pieces.

Inventory:

Hand Weapons
 a - a +1 hand axe (weapon)
Armour
 b - a +1 animal skin (worn)
 t - a +1 cloak (worn)
Jewellery
 e - a ring of protection from fire (left hand)
 f - an amulet of guardian spirit (around neck)
 g - a +4 ring of protection (right hand)
 q - a ring of willpower
Wands
 r - a wand of digging (4)
Scrolls
 d - a scroll of enchant armour
 h - 2 scrolls of teleportation
 k - a scroll of immolation
 o - a scroll of torment {unknown}
Potions
 i - a potion of brilliance
 m - 2 potions of haste


   Skills:
 + Level 4.5 Fighting
 - Level 3.2 Axes
 * Level 4.6 Armour
 * Level 3.8 Dodging


You had 5 spell levels left.
You didn't know any spells.
Your spell library was empty.

Dungeon Overview and Level Annotations

Branches:
Dungeon (3/15)

Altars:
Cheibriados
Dithmenos
Elyvilon
Fedhas
Kikubaaqudgha
Nemelex Xobeh
Ru
Trog
Xom
Yredelemnul
The Shining One

Shops:
D:2 [((=[   D:3 *

Annotations:
D:3 Grinder


Innate Abilities, Weirdness & Mutations

You cannot be hasted, slowed, berserked, paralysed or teleported.
You can dig through walls and to a lower floor.
You have a pair of large antennae on your head. (SInv)
Your four strong arms can wield two-handed weapons with a shield.


Message History

You are more poisoned.
The gnoll barely misses you. The goblin hits you but does no damage.
You bump into the stone wall.
You feel very sick. The orc hits you but does no damage.
The orc priest looks encouraged for a moment.
The orc barely misses you.
Grinder blinks!
The gnoll hits you from afar with a +0 spear.
The goblin closely misses you.
Okay, then.
Okay, then.
You're too confused to move!
You feel very sick. The orc misses you. The orc priest completely misses you.
The orc misses you.
Grinder blinks!
The gnoll closely misses you. The goblin hits you but does no damage.
You miss the goblin. You hit the orc. You barely miss the orc priest.
You feel very sick. The orc hits you but does no damage.
The orc priest hits you with a +0 whip. The orc closely misses you.
The gnoll misses you. The goblin misses you. The orc completely misses you.
The orc priest invokes the aid of Beogh against you.
Beogh smites you!
* * * LOW HITPOINT WARNING * * *
The gnoll closely misses you. The orc hits you but does no damage.
You are lethally poisoned!
You bump into the stone wall.
* * * LOW HITPOINT WARNING * * *
You feel very sick. The goblin closely misses you.
The orc priest looks braver for a moment.
The orc hits you from afar with a +2 trident of venom!
* * * LOW HITPOINT WARNING * * *
You are more poisoned.
The orc hits you with a +0 dagger.
* * * LOW HITPOINT WARNING * * *
The gnoll hits you but does no damage. The goblin attacks as you move away!
The goblin closely misses you. The orc attacks as you move away!
The orc closely misses you.
You die...

≈~≈~~~~~~~~≈~~≈~~~≈~~≈~~~~~≈~~~..
≈≈≈≈≈~≈≈≈≈≈≈~~~≈~≈≈≈≈≈≈≈≈≈≈≈≈≈~~.
≈≈#####≈≈≈≈≈≈≈≈≈≈≈≈≈≈≈≈≈≈≈≈≈≈≈≈~.
≈≈#{{{###########################
≈≈#{ .....# ##.....#.. #. ≈≈
......###......'. #.
......g#.......#########.
.....gg#.........)....#..
....5oo'@........).)).'..
.....go#.........)....#..
.....gg#...:...#########.
......###......+ { { {#. .....#
##.....#{ { #. ##### ####### ##


You could see Grinder, an orc priest, 2 gnolls, 2 orcs, a hobgoblin and a
goblin.

Vanquished Creatures
  2 centaurs (D:3)
  Jessica (D:3)
  3 adders
  2 worms (D:2)
  4 dart slugs
  3 orcs (D:3)
  3 bats
  5 endoplasms
  6 giant cockroaches
  14 goblins
  8 hobgoblins
  A quokka (D:2)
  A ball python (D:1)
  4 frilled lizards
  7 kobolds
  4 rats
68 creatures vanquished.

Notes
Turn   | Place    | Note
-------+----------+-------------------------------------------
     0 | D:1      | lonewolfV2 the Formicid Berserker began the quest for the
                  | Orb.
     0 | D:1      | Reached XP level 1. HP: 18/18 MP: 1/1
    15 | D:1      | Found a faded altar of an unknown god.
   104 | D:1      | Reached XP level 2. HP: 24/24 MP: 2/2
   678 | D:2      | Reached XP level 3. HP: 21/29 MP: 1/3
   869 | D:2      | Found Lesua's Armour Shoppe.
   876 | D:2      | Reached ** piety under Trog
   927 | D:2      | Reached XP level 4. HP: 37/37 MP: 4/4
  1235 | D:2      | Found Uponni's Antique Weapon Boutique.
  1393 | D:2      | Found Aschic's Jewellery Emporium.
  1418 | D:2      | Found Utoozxy's Armour Boutique.
  1522 | D:2      | Found Bethab's Weapon Boutique.
  1784 | D:3      | Found a sparkling altar of Nemelex Xobeh.
  1791 | D:3      | Found a glowing golden altar of the Shining One.
  1793 | D:3      | Found a basalt altar of Yredelemnul.
  1795 | D:3      | Found a snail-covered altar of Cheibriados.
  1795 | D:3      | Noticed Jessica
  1814 | D:3      | Found a sacrificial altar of Ru.
  1817 | D:3      | Found a white marble altar of Elyvilon.
  1822 | D:3      | Killed Jessica
  1823 | D:3      | Reached XP level 5. HP: 36/42 MP: 2/5
  1852 | D:3      | Found a bloodstained altar of Trog.
  1853 | D:3      | Found a blossoming altar of Fedhas.
  1855 | D:3      | Found an ancient bone altar of Kikubaaqudgha.
  1859 | D:3      | Found a shadowy altar of Dithmenos.
  1860 | D:3      | Found a shimmering altar of Xom.
  1959 | D:3      | Noticed a centaur
  1971 | D:3      | Killed a centaur
  2102 | D:3      | Found Qesch's Assorted Antiques.
  2117 | D:3      | Noticed a centaur
  2130 | D:3      | Killed a centaur
  2131 | D:3      | Reached XP level 6. HP: 41/49 MP: 3/6
  2353 | D:3      | Noticed Grinder
  2379 | D:3      | Succumbed to an orc's poison

Illustrated notes

Levels and vault maps discovered:
D:1:      minmay_arrival_stone_box, layout_basic,
          hellmonk_ecumenical_altar_run_dry, nrook_loot_triangle, hex_large
D:2:      minmay_alternating_diamond, layout_basic, serial_shops, shop, shop,
          nicolae_shop_gaudy_bauble, nicolae_shop_hallway_stairs,
          nicolae_shop_temple_entry_statues_fountains, minmay_surrounded
D:3:      minmay_goblin_kobold_castle, layout_loops_corners,
          nicolae_overflow_hallway_of_the_gods,
          nemelex_xobeh_ov_fountains_minmay, serial_shops,
          nicolae_shop_getting_attention, st_stairs_13, uniq_grinder,
          uniq_jessica, uniq_ijyb

Skill      XL: |  1  2  3  4  5 |
---------------+----------------+-----
Dodging        | 2 3 |  3.8
Armour         | 3 4 |  4.6
Fighting       | 4 |  4.5
Axes           | |  3.2

Action                     |  1- 3 |  4- 6 || total
---------------------------+-------+-------++-------
  Melee: Hand axe          |    85 |   114 ||   199
         Punch             |     1 |     4 ||     5
 Invoke: Trog's Hand       |       |     3 ||     3
    Use: Scroll            |     3 |     4 ||     7
         Potion            |       |     7 ||     7
   Stab: Sleeping          |     1 |       ||     1
 Armour: Animal skin       |    39 |    82 ||   121
  Dodge: Dodged            |    46 |   140 ||   186
